 Dungeon Crawl Stone Soup version 0.27-a0-242-ge0fc76b88b (webtiles) character file.

Game seed: 4937081737740158186

29 knot the Chopper (level 3, 28/29 HPs)
             Began as a Demonspawn Berserker on Feb 3, 2021.
             Was a Believer of Trog.
             Quit the game on level 2 of the Dungeon.
             The game lasted 00:01:22 (1375 turns).

knot the Chopper (Demonspawn Berserker)             Turns: 1375, Time: 00:01:23

Health: 28/29      AC:  5    Str: 17    XL:     3   Next: 1%
Magic:  3/3        EV: 11    Int:  9    God:    Trog [**....]
Gold:   63         SH:  4    Dex: 12    Spells: 2/2 levels left

rFire    . . .     SeeInvis .   a - +0 hand axe
rCold    . . .     Faith    .   (no shield)
rNeg     . . .     Spirit   .   h - +0 ring mail
rPois    .         Reflect  .   (helmet restricted)
rElec    .         Harm     .   (no cloak)
rCorr    .         Rampage  .   (no gloves)
Will     .....     Rnd*Tele +   (no boots)
Stlth    ++........             (no amulet)
HPRegen  0.09/turn              n - ring of stealth
MPRegen  0.08/turn              o - ring of teleportation (curse)

@: no status effects
A: horns 1, condensation shield
a: Renounce Religion, Berserk, Trog's Hand


You were on level 2 of the Dungeon.
You worshipped Trog.
Trog was pleased with you.
You visited 1 branch of the dungeon, and saw 2 of its levels.

You collected 63 gold pieces.

Inventory:

Hand Weapons
 a - a +0 hand axe (weapon)
Missiles
 b - 22 poisoned darts (quivered)
 g - 42 stones
 i - 14 sling bullets
Armour
 h - a +0 ring mail (worn)
Jewellery
 n - a ring of stealth (left hand)
 o - a cursed ring of teleportation (right hand)
Scrolls
 d - 5 scrolls of remove curse {unknown}
 f - a scroll of amnesia {unknown}
 m - 3 scrolls of identify {unknown}
Potions
 c - 2 potions of degeneration {unknown}
 e - a potion of heal wounds {unknown}
 j - a potion of cancellation {unknown}
 k - a potion of invisibility {unknown}
 l - a potion of might {unknown}


   Skills:
 - Level 3.0 Fighting
 * Level 3.6 Axes
 * Level 0.7 Throwing
 - Level 1.7 Armour
 - Level 1.7 Dodging


You had 2 spell levels left.
You didn't know any spells.
Your spell library was empty.

Dungeon Overview and Level Annotations

Branches:
Dungeon (2/15)

Altars:


Innate Abilities, Weirdness & Mutations

You have a pair of small horns on your head.
A meltable shield of frost defends you. (SH +4)


Message History

You open the door.
A bat comes into view.
You barely miss the bat. The bat closely misses you.
The bat hits you but does no damage.
You barely miss the bat. The bat hits you but does no damage.
The bat completely misses you.
You closely miss the bat. The bat hits you. The bat barely misses you.
You hit the bat.
The bat is moderately wounded.
The bat barely misses you. x2; The bat hits you but does no damage.
You hit the bat. You headbutt the bat.
You kill the bat!
Trog accepts your kill.
You have reached level 3!
Your experience leads to an increase in your attributes!
Increase (S)trength, (I)ntelligence, or (D)exterity?
You feel clever.
Your demonic ancestry asserts itself...
Frost condenses into a shield before you.
Are you sure you want to abandon this character and quit the game? (Confirm with "yes".)

#.#.# #.#.# #.#.# #.#.# #
#.#.# . ###'#'#########
###########.............#
#.........'......)......#
#.#########.....@.......#
#.# #......†......#
#.###### #.............#
..................#######
#...............#.#
#####...#########.# ....+
..+ ... ##### .# #. #


There were no monsters in sight!

Vanquished Creatures
  A dart slug (D:1)
  A ball python (D:1)
  A giant cockroach (D:1)
  2 goblins (D:1)
  2 hobgoblins (D:1)
  4 bats
  A frilled lizard (D:1)
  12 kobolds
  4 rats (D:1)
28 creatures vanquished.

Notes
Turn   | Place    | Note
-------+----------+-------------------------------------------
     0 | D:1      | knot the Demonspawn Berserker began the quest for the Orb.
     0 | D:1      | Reached XP level 1. HP: 18/18 MP: 1/1
   362 | D:1      | Gained mutation: You have a pair of small horns on your
                  | head. [demonic ancestry]
   362 | D:1      | Reached XP level 2. HP: 17/24 MP: 2/2
  1349 | D:2      | Reached ** piety under Trog
  1375 | D:2      | Gained mutation: A meltable shield of frost defends you.
                  | (SH +4) [demonic ancestry]
  1375 | D:2      | Reached XP level 3. HP: 28/29 MP: 3/3
  1375 | D:2      | Quit the game

Illustrated notes

Levels and vault maps discovered:
D:1:      giann_forest_graveyard, layout_basic
D:2:      layout_basic, uniq_terence, uniq_jessica

Skill      XL: |  1 |
---------------+----+-----
Axes           | 3 |  3.6
Fighting       | |  3.0
Throwing       | |  0.7
Armour         | |  1.7
Dodging        | |  1.7

Action                   || total
-------------------------++-------
Melee: Hand axe          ||    74
       Headbutt          ||     7
Throw: Dart              ||     1
Invok: Berserk           ||     1
Armor: Ring mail         ||    22
Dodge: Dodged            ||    44

Table legend: (Time is in decaauts)
 A = Elapsed time spent in this place.
 B = Non-inter-level travel time spent in this place.
 C = Inter-level travel time spent in this place.
 D = Time resting spent in this place.
 E = Time spent auto-exploring this place.
 F = Levels seen in this place.
 G = Mean time per level.
                   A        B        C        D        E       F      G
               +--------+--------+--------+--------+--------+-----+--------+
         Total |   1393 |   1375 |     18 |    220 |    974 |   2 |  696.5 |
       Dungeon |   1393 |   1375 |     18 |    220 |    974 |   2 |  696.5 |
               +--------+--------+--------+--------+--------+-----+--------+

Top non-repeatable levels by time:
     D:1: 1260 daAuts
     D:2: 133 daAuts
